 Dungeon Crawl Stone Soup version 0.29-a0-319-gad05b8d819 (webtiles) character file.

Game seed: 12736389266039185152

1846 sokol815 the Covert (level 9, 0/42 HPs)
             Began as a Vine Stalker Gladiator on Apr 1, 2022.
             Slain by an orc warrior
             ... wielding a +0 flail
              (18 damage)
             ... on level 6 of the Dungeon.
             The game lasted 00:13:09 (5488 turns).

sokol815 the Covert (Vine Stalker Gladiator)        Turns: 5488, Time: 00:13:09

Health: 0/42       AC:  8    Str: 21    XL:     9   Next: 12%
Magic:  0/10       EV: 12    Int: 12    God:
Gold:   354        SH:  0    Dex: 16    Spells: 8/8 levels left

rFire   + . .      SeeInvis .   l - +4 dagger
rCold   . . .      Faith    .   (no shield)
rNeg    . . .      Spirit   +   y - +1 troll leather armour {Pargi}
rPois   .          Reflect  .   c - +0 helmet
rElec   .          Harm     .   z - +0 cloak
rCorr   +          Rampage  .   (no gloves)
Will    +....                   j - +0 pair of boots of Reud {rF+ rCorr Str+4}
Stlth   ++++......              (no amulet)
HPRegen 1.74/turn               Z - ring of wizardry {Wiz+, !d}
MPRegen 0.12/turn               (no ring)

@: no status effects
A: fangs 3, regeneration 1, magic shield, antimagic bite, no potion heal 2
a: no special abilities


You were on level 6 of the Dungeon.
You visited 1 branch of the dungeon, and saw 6 of its levels.
You also visited: Sewer.

You collected 354 gold pieces.

Inventory:

Hand Weapons
 a - a +0 trident
 l - a +4 dagger (weapon)
   (You took it off a kobold on level 3 of the Dungeon)
 u - a +2 dagger of venom
   (You took it off a goblin on level 4 of the Dungeon)
 v - a +2 dagger of flaming
   (You took it off an orc on level 4 of the Dungeon)
 x - a +0 dagger of freezing
   (You took it off a kobold on level 5 of the Dungeon)
Missiles
 d - 3 throwing nets {!d}
 e - 12 javelins
 o - 6 atropa-tipped darts
 q - 6 curare-tipped darts
 s - 182 stones
 t - 3 boomerangs of dispersal {=f}
 w - 11 poisoned darts
Armour
 c - a +0 helmet (worn)
 g - a +1 plate armour
   (You found it on level 1 of the Dungeon)
 j - the +0 pair of boots of Reud (worn) {rF+ rCorr Str+4}
   (You acquired it on level 2 of the Dungeon)

   Str:       It affects your strength (+4).
   rF:        It protects you from fire.
   rCorr:     It protects you from acid and corrosion.
 y - a +1 troll leather armour (worn) {Pargi}
   (You found it in a sewer)
 z - a +0 cloak (worn)
   (You found it on level 5 of the Dungeon)
Jewellery
 Z - a ring of wizardry (left hand) {Wiz+, !d}
   (You found it on level 2 of the Dungeon)
Wands
 h - a wand of acid (7)
   (You found it on level 2 of the Dungeon)
 p - a wand of paralysis (10)
   (You found it on level 3 of the Dungeon)
Scrolls
 i - a scroll of amnesia {unknown}
 k - 3 scrolls of fog
 B - a scroll of enchant weapon {unknown}
 K - 4 scrolls of immolation {!r}
 V - a scroll of vulnerability {!r!r}
Potions
 b - a potion of flight {unknown}
 f - a potion of degeneration {unknown}
 m - a potion of magic {unknown}
 n - a potion of invisibility {unknown}
 r - 2 potions of attraction {unknown}
 A - a potion of berserk rage {unknown}
 G - 2 potions of ambrosia {!q}
 J - 4 potions of curing {@q1}
 N - 4 potions of heal wounds {@q2}
 R - 2 potions of resistance
 U - 2 potions of mutation {!q}


   Skills:
 - Level 1.7 Fighting
 + Level 6.2 Short Blades
 - Level 5.2 Polearms
 - Level 1.7 Throwing
 - Level 2.4 Dodging
 - Level 10.0 Stealth


You had 8 spell levels left.
You didn't know any spells.
Your spell library contained the following spells:

 Spells                   Type           Power      Damage    Failure   Level
 Sublimation of Blood     Necr           0%         N/A       22%         2
 Petrify                  Tmut/Erth      0%         N/A       80%         4
 Irradiate                Conj/Tmut      0%         3d13      98%         5


Dungeon Overview and Level Annotations

Branches:
Dungeon (6/15)              Sewer (visited)
 Temple: D:4-7

Altars:
Fedhas

Shops:
D:3 =

Annotations:
D:4 1 runed translucent door, exclusion: oklob plant, Patoropollo's ghost, amateur DEHu


Innate Abilities, Weirdness & Mutations

You have razor-sharp teeth.
Your natural rate of healing is unusually fast.
When hurt, damage is shared between your health and your magic reserves.
Your bite disrupts and absorbs the magic of your enemies.
Potions cannot restore your health.


Message History

You hit the orc warrior but do no damage.
Your bite misses the orc warrior.
Health restored: 42 You hit the orc warrior.
You bite the orc warrior, but do no damage.
The orc warrior barely misses you.
You closely miss the orc warrior.
You bite the orc warrior, but do no damage.
The orc warrior closely misses you.
You hit the orc warrior but do no damage.
Your bite misses the orc warrior.
You hit the orc warrior but do no damage.
Your bite misses the orc warrior.
The orc warrior hits you with a +0 flail!
You take 7 damage, and have 35/42 hp.
You now have 8/10 mp.
You completely miss the orc warrior. The orc warrior closely misses you.
You regained 2 hp, and now have 37/42 hp.
You hit the orc warrior but do no damage.
The orc warrior misses you.
You hit the orc warrior but do no damage.
You bite the orc warrior. You drain its power.
You feel invigorated.
MP restored: 10 You closely miss the orc warrior.
You bite the orc warrior. You drain its power.
The orc warrior hits you with a +0 flail!
You take 7 damage, and have 32/42 hp.
You now have 8/10 mp.
You puncture the orc warrior! Your bite misses the orc warrior.
The orc warrior hits you with a +0 flail!
You take 6 damage, and have 26/42 hp.
You now have 6/10 mp.
You hit the orc warrior but do no damage.
You bite the orc warrior, but do no damage.
You hit the orc warrior but do no damage.
Your bite misses the orc warrior.
The orc warrior hits you with a +0 flail.
You take 4 damage, and have 23/42 hp.
You now have 5/10 mp.
You are too injured to fight recklessly!
You are too injured to fight recklessly!
You are too injured to fight recklessly!
Here: an orc warrior, wielding a +0 flail and wearing a +0 plate armour (moderately wounded)
The floor, spattered with blood.
Unknown command.
Okay, then.
The orc warrior attacks as you move away!
The orc warrior closely misses you.
You regained 2 hp, and now have 25/42 hp.
The orc warrior attacks as you move away!
The orc warrior completely misses you.
You regained 2 hp, and now have 28/42 hp.
You regained 2 hp, and now have 30/42 hp.
You closely miss the orc warrior. Your bite misses the orc warrior.
The orc warrior hits you with a +0 flail.
You take 3 damage, and have 27/42 hp.
You now have 5/10 mp.
You barely miss the orc warrior. Your bite misses the orc warrior.
You hit the orc warrior. Your bite misses the orc warrior.
The orc warrior misses you.
You regained 2 hp, and now have 30/42 hp.
You hit the orc warrior.
You bite the orc warrior, but do no damage.
The orc warrior hits you with a +0 flail.
You hit the orc warrior but do no damage.
You bite the orc warrior, but do no damage.
The orc warrior hits you with a +0 flail.
You take 3 damage, and have 27/42 hp.
You now have 4/10 mp.
You hit the orc warrior but do no damage.
You closely miss the orc warrior.
The orc warrior hits you with a +0 flail.
You take 2 damage, and have 26/42 hp.
You now have 3/10 mp.
You hit the orc warrior but do no damage.
The orc warrior misses you.
You regained 2 hp, and now have 28/42 hp.
You hit the orc warrior but do no damage.
You hit the orc warrior. The orc warrior closely misses you.
You hit the orc warrior but do no damage.
You bite the orc warrior, but do no damage.
The orc warrior hits you with a +0 flail!
You take 11 damage, and have 19/42 hp.
MASSIVE DAMAGE!!
You now have 2/10 mp.
You hit the orc warrior but do no damage.
Your bite misses the orc warrior. You hit the orc warrior.
The orc warrior hits you with a +0 flail!
* * * LOW HITPOINT WARNING * * *
You take 12 damage, and have 8/42 hp.
MASSIVE DAMAGE!!
You now have 0/10 mp.
You regained 2 hp, and now have 10/42 hp.
You regained 2 hp, and now have 12/42 hp.
The orc warrior attacks as you move away!
The orc warrior misses you.
You regained 2 hp, and now have 14/42 hp.
The orc warrior attacks as you move away!
The orc warrior hits you but does no damage.
The orc warrior hits you with a +0 flail.
The orc warrior attacks as you move away!
The orc warrior barely misses you.
You regained 2 hp, and now have 18/42 hp.
The orc warrior attacks as you move away!
The orc warrior hits you with a +0 flail!!
You die...

#.#
#########
#.# #)# #.#
#.# #.# #.#
#.# #@#
#o#########
#.........#
#######...#
####....##
#..'....+
#.##....# #
#......
###+#.##


You could see an orc warrior.

Vanquished Creatures
  6 yaks
  Pargi (Sewer)
  2 ogres (D:5)
  A phantom (D:5)
  A kobold brigand (D:5)
  A scorpion (D:4)
  A jelly (D:5)
  A hound (D:5)
  4 iguanas
  4 orc wizards
  4 gnolls
  9 adders
  A river rat (D:5)
  An ufetubus (D:5)
  4 worms
  4 dart slugs
  12 orcs
  10 ball pythons
  3 endoplasms
  6 giant cockroaches
  5 goblins
  11 hobgoblins
  4 jackals (D:2)
  3 quokkas
  3 bats
  8 frilled lizards
  14 kobolds
  7 rats
131 creatures vanquished.

Vanquished Creatures (others)
  16 toadstools (D:4)
16 creatures vanquished.

Grand Total: 147 creatures vanquished

Notes
Turn   | Place    | Note
-------+----------+-------------------------------------------
     0 | D:1      | sokol815 the Vine Stalker Gladiator began the quest for the
                  | Orb.
     0 | D:1      | Reached XP level 1. HP: 11/11 MP: 2/2
   267 | D:1      | Reached skill level 3 in Polearms
   293 | D:1      | Reached XP level 2. HP: 6/15 MP: 0/3
  1095 | D:1      | Reached XP level 3. HP: 18/18 MP: 4/4
  1294 | D:2      | Reached skill level 4 in Polearms
  1463 | D:2      | Gained mutation: Your natural rate of healing is unusually
                  | fast. [Vine Stalker growth]
  1463 | D:2      | Reached XP level 4. HP: 18/23 MP: 5/5
  1974 | D:2      | Reached skill level 5 in Polearms
  2037 | D:2      | Reached XP level 5. HP: 26/26 MP: 6/6
  2039 | D:2      | Identified a scroll of acquirement
  2039 | D:2      | Acquired the +0 pair of boots of Reud {rF+ rCorr Str+4}
  2384 | D:3      | Found Ylyniupp's Jewellery Emporium.
  2849 | D:4      | Reached skill level 1 in Stealth
  2862 | D:4      | Reached skill level 1 in Short Blades
  2862 | D:4      | Reached skill level 2 in Stealth
  2862 | D:4      | Reached XP level 6. HP: 30/30 MP: 7/7
  2898 | D:4      | Reached skill level 3 in Stealth
  3094 | D:4      | Reached skill level 4 in Stealth
  3148 | D:4      | Found a runed translucent door.
  3152 | D:4      | Noticed Patoropollo's ghost (amateur DEHu)
  3448 | D:4      | Found a blossoming altar of Fedhas.
  3459 | D:4      | Noticed an oklob plant
  3609 | D:5      | Entered Level 5 of the Dungeon
  3620 | D:5      | Reached skill level 2 in Short Blades
  3648 | D:5      | HP: 5/30 [ogre/+0 giant spiked club (21)]
  3650 | D:5      | Reached skill level 5 in Stealth
  3650 | D:5      | Reached XP level 7. HP: 7/34 MP: 2/8
  3830 | D:5      | Found a glowing drain.
  3834 | Sewer    | Entered a sewer
  3853 | Sewer    | Noticed Pargi
  3860 | Sewer    | Killed Pargi
  3861 | Sewer    | Reached skill level 3 in Short Blades
  3861 | Sewer    | Reached skill level 6 in Stealth
  4168 | D:5      | Reached skill level 7 in Stealth
  4378 | D:5      | Noticed a yak
  4378 | D:5      | Noticed a yak
  4378 | D:5      | Noticed a yak
  4380 | D:5      | Noticed a yak
  4380 | D:5      | Noticed a yak
  4381 | D:5      | Noticed a yak
  4390 | D:4      | Upgraded the game from 0.29-a0-284-gf9362112df to
                  | 0.29-a0-319-gad05b8d819
  4401 | D:4      | Gained mutation: You have razor-sharp teeth. [Vine Stalker
                  | growth]
  4401 | D:4      | Reached XP level 8. HP: 38/38 MP: 7/9
  4428 | D:3      | Killed a yak
  4429 | D:3      | Reached skill level 8 in Stealth
  4688 | D:4      | Killed a yak
  4689 | D:4      | Reached skill level 4 in Short Blades
  4707 | D:4      | Killed a yak
  4708 | D:4      | Reached skill level 9 in Stealth
  4857 | D:4      | Killed a yak
  4902 | D:5      | Killed a yak
  4903 | D:5      | Reached skill level 5 in Short Blades
  4903 | D:5      | Reached skill level 10 in Stealth
  4930 | D:4      | Killed a yak
  4931 | D:4      | Reached XP level 9. HP: 23/42 MP: 10/10
  5119 | D:5      | Reached skill level 6 in Short Blades
  5481 | D:6      | HP: 8/42 [orc warrior/+0 flail (13)]
  5488 | D:6      | Slain by an orc warrior

Illustrated notes

Levels and vault maps discovered:
D:1:      dpeg_arrival_water_fire, layout_basic, nrook_mini_backslash,
          minmay_bisected
D:2:      layout_loops_ring, minmay_increasing_density
D:3:      layout_basic, serial_shops,
          nicolae_shop_temple_entry_statues_fountains
D:4:      layout_cave_pools, tgw_fedhas, ebering_ghost_reflecting_pool,
          serial_column_ruins, column_ruins_hut_ruined,
          column_ruins_square_small, column_ruins_open_small_water,
          column_ruins_open_tiny, column_ruins_columns_dead_end,
          column_ruins_columns_straight, column_ruins_open_tiny,
          column_ruins_columns_straight
D:5:      layout_gridville, gup_sewer_entry_spiral
D:6:      layout_basic

Skill      XL: |  1  2  3  4  5  6  7  8  9 |
---------------+----------------------------+-----
Polearms       | 3 4 5 |  5.2
Stealth        | 2 5 7 10 | 10.0
Short Blades   | 1 2 3 5 6 |  6.2
Fighting       | |  1.7
Throwing       | |  1.7
Dodging        | |  2.4

Action                   |  1- 3 |  4- 6 |  7- 9 || total
-------------------------+-------+-------+-------++-------
Melee: Trident           |    80 |   105 |       ||   185
       Bite              |    16 |    42 |    71 ||   129
       Punch             |     1 |     5 |     2 ||     8
       Dagger            |       |   102 |   235 ||   337
Throw: Javelin           |     1 |       |       ||     1
       Stone             |       |       |    20 ||    20
       Dart              |       |       |     5 ||     5
  Use: Scroll            |       |    15 |     4 ||    19
       Potion            |       |       |     1 ||     1
 Stab: Sleeping          |     1 |       |     2 ||     3
Armor: Plate armour      |    33 |   157 |    37 ||   227
       Leather armour    |     1 |       |       ||     1
       Troll leather arm |       |       |    33 ||    33
Dodge: Dodged            |    17 |    59 |    73 ||   149

Table legend: (Time is in decaauts)
 A = Elapsed time spent in this place.
 B = Non-inter-level travel time spent in this place.
 C = Inter-level travel time spent in this place.
 D = Time resting spent in this place.
 E = Time spent auto-exploring this place.
 F = Levels seen in this place.
 G = Mean time per level.
                   A        B        C        D        E       F      G
               +--------+--------+--------+--------+--------+-----+--------+
         Total |   5540 |   5237 |    303 |    205 |   3720 |   7 |  791.4 |
       Dungeon |   5320 |   5017 |    303 |    205 |   3571 |   6 |  886.7 |
         Sewer |    220 |    220 |      0 |      0 |    149 |   1 |  220.0 |
               +--------+--------+--------+--------+--------+-----+--------+

Top non-repeatable levels by time:
     D:5: 1312 daAuts
     D:1: 1274 daAuts
     D:2: 971 daAuts
     D:4: 938 daAuts
     D:3: 655 daAuts
   Sewer: 220 daAuts
     D:6: 168 daAuts

Table legend:
 A = Kills in this place as a percentage of kills in entire the game.
 B = Kills by you in this place as a percentage of kills by you in the entire game.
 C = Kills by friends in this place as a percentage of kills by friends in the entire game.
 D = Other kills in this place as a percentage of other kills in the entire game.
 E = Experience gained in this place as a percentage of experience gained in the entire game.
 F = Experience gained in this place divided by the number of levels of this place that you have seen.
                   A       B       C       D       E      F
               +-------+-------+-------+-------+-------+----------------------
         Total | 100.0 | 100.0 |   N/A |   N/A | 100.0 | 376.9
       Dungeon |  95.4 |  95.4 |   N/A |   N/A |  94.8 | 416.8
         Sewer |   4.6 |   4.6 |   N/A |   N/A |   5.2 | 137.0
               +-------+-------+-------+-------+-------+----------------------
